 Dungeon Crawl Stone Soup version 0.24-a0-346-ge062c78e24 (webtiles) character file.

Game seed: 15911101758274465200

123 MachJacob the Gusty (level 4, -2/33 HPs)
             Began as a Draconian Air Elementalist on May 22, 2019.
             Killed from afar by Sigmund (9 damage)
             ... with a puff of flame
             ... on level 2 of the Dungeon.
             The game lasted 00:07:40 (2250 turns).

MachJacob the Gusty (Draconian Air Elementalist)    Turns: 2250, Time: 00:07:41

Health: -2/33      AC:  5    Str: 11    XL:     4   Next: 79%
Magic:  0/7        EV: 12    Int: 16    God:
Gold:   116        SH:  0    Dex: 11    Spells: 2/8 levels left

rFire    . . .     SeeInvis .   c - +0 dagger
rCold    . . .     Gourm    .   (no shield)
rNeg     . . .     Faith    .   (armour unavailable)
rPois    .         Spirit   .   (helmet restricted)
rElec    .         Reflect  .   (no cloak)
rCorr    .         Harm     .   (no gloves)
MR       .....                  (no boots)
Stlth    +.........             (no amulet)
HPRegen  0.11/turn              (no ring)
MPRegen  0.10/turn              (no ring)

@: confused, slowed, very slow
A: unfitting armour, cold-blooded, AC +5
a: no special abilities


You were on level 2 of the Dungeon.
You were not hungry.

You visited 1 branch of the dungeon, and saw 2 of its levels.

You collected 116 gold pieces.

Inventory:

Hand Weapons
 c - a +0 dagger (weapon)
Scrolls
 a - a scroll of enchant weapon {unknown}
 e - 2 scrolls of remove curse {unknown}
 g - 2 scrolls of identify {unknown}
 j - a scroll of amnesia {unknown}
 k - a scroll of enchant armour {unknown}
Potions
 d - a potion of degeneration {unknown}
 h - a potion of haste {unknown}
 i - a potion of heal wounds {unknown}
Comestibles
 b - 4 rations
 f - 3 chunks of flesh


   Skills:
 + Level 2.4 Dodging
 - Level 1.7 Stealth
 + Level 2.5 Spellcasting
 * Level 2.7 Conjurations
 * Level 4.0 Air Magic


You had 2 spell levels left.
You knew the following spells:

 Your Spells              Type           Power        Failure   Level  Hunger
a - Shock                 Conj/Air       ##..         4%          1    #......
b - Swiftness             Chrm/Air       #.......     13%         2    ##.....
c - Static Discharge      Conj/Air       ##......     14%         3    ###....

Your spell library contained the following spells:

 Spells                   Type           Power        Failure   Level  Hunger
 Airstrike                Air            ###.......   36%         4    #####..
 Lightning Bolt           Conj/Air       ##........   80%         5    ######.


Dungeon Overview and Level Annotations

Branches:
Dungeon (2/15)

Altars:

Annotations:
D:2 1 runed translucent door, Crazy Yiuf, Sigmund


Innate Abilities, Weirdness & Mutations

Your plain brown scales are hard. (AC +5)
You cannot fit into any form of body armour.
You are cold-blooded and may be slowed by cold attacks.


Message History

You feel as though you will be slow longer.
Casting: Shock (safe; 5% risk of failure)
Confirm with . or Enter, or press ? or * to list all spells.
Aiming: Shock (safe; 5% risk of failure)
Press: ? - help, Shift-Dir - straight line, p - Natasha The zap hits Natasha.
You kill Natasha!
Natasha yowls pathetically as she dies!
Your Air Magic skill increases to level 4!
Sigmund points at you and mumbles some strange words.
You are confused.
Sigmund casts a spell.
Sigmund flickers and vanishes!
Deactivating autopickup; reactivate with Ctrl-A.
A goblin comes into view. It is wielding a +0 dagger.
The goblin shouts!
You bump into the rock wall.
A puff of flame appears from out of thin air!
The puff of flame hits you!
You die...

#.# #.## #..# ### ##.##
#.# #..# #.# ##.###.#
#..##.# ##.##.#
########..#@#####...
#......##)......g...
#......##...#####...
#......##...#####
#......#........#
#......#...>....#
######......#........#
.....................#
######......####.#...####


You could see a goblin.

Vanquished Creatures
  Natasha (twice) (D:2)
  2 adders (D:2)
  2 oozes
  2 worms (D:2)
  2 giant cockroaches
  7 goblins
  5 hobgoblins
  11 kobolds
  A ball python (D:1)
  2 bats
  A frilled lizard (D:2)
  5 rats
42 creatures vanquished.

Notes
Turn   | Place    | Note
-------+----------+-------------------------------------------
     0 | D:1      | MachJacob the Draconian Air Elementalist began the quest
                  | for the Orb.
     0 | D:1      | Reached XP level 1. HP: 14/14 MP: 3/3
   191 | D:1      | Reached XP level 2. HP: 20/20 MP: 0/5
   292 | D:1      | Learned a level 2 spell: Swiftness
  1333 | D:2      | Reached XP level 3. HP: 26/26 MP: 4/6
  1338 | D:2      | Learned a level 3 spell: Static Discharge
  1759 | D:2      | Found a runed translucent door.
  1760 | D:2      | Noticed Crazy Yiuf
  1922 | D:2      | Noticed Natasha
  1931 | D:2      | Killed Natasha
  1931 | D:2      | Reached XP level 4. HP: 33/33 MP: 0/7
  2226 | D:2      | Noticed Natasha
  2246 | D:2      | Noticed Sigmund
  2247 | D:2      | Killed Natasha
  2247 | D:2      | Reached skill level 4 in Air Magic
  2250 | D:2      | Killed from afar by Sigmund

Levels and vault maps discovered:
D:1:      erik_arrival_cave_to_civilisation [erik_arrival_cave_to_hall],
          layout_basic, lexackson_kobold_supper
D:2:      layout_basic, uniq_natasha, uniq_sigmund, uniq_crazy_yiuf_cottage

Skill      XL: |  1  2  3  4 |
---------------+-------------+-----
Dodging        | 2 |  2.4
Conjurations   | 2 |  2.7
Air Magic      | 4 |  4.0
Stealth        | |  1.7
Spellcasting   | |  2.5

Action                   |  1- 3 |  4- 6 || total
-------------------------+-------+-------++-------
Melee: Unarmed           |     2 |       ||     2
       Dagger            |    46 |     6 ||    52
       Tailslap          |     4 |     1 ||     5
 Cast: Shock             |    83 |    23 ||   106
 Stab: Sleeping          |     1 |       ||     1
  Eat: Chunk             |     4 |     2 ||     6
Armor: Skin              |    14 |     3 ||    17
Dodge: Dodged            |    28 |     5 ||    33

Table legend:
 A = Non-vault XP
 B = Vault XP
 C = Vault XP percentage of total XP
 D = Non-vault monster count
 E = Vault monster count
 F = Vault count percentage of total count
                 A         B        C        D         E       F
            +---------+---------+-------+---------+---------+-------
      Total |     134 |      42 |  23.9 |      36 |       6 |  14.3
            +---------+---------+-------+---------+---------+-------
        D:1 |      31 |       7 |  18.4 |      16 |       5 |  23.8
        D:2 |     103 |      35 |  25.4 |      20 |       1 |   4.8
            +---------+---------+-------+---------+---------+-------
